 Dungeon Crawl Stone Soup version 0.26.1-11-gd32895ea62 (webtiles) character file.

Game seed: 15964067450195968936

73 nothank2 the Digger (level 4, -1/24 HPs)
             Began as a Gargoyle Earth Elementalist on July 10, 2021.
             Slain by an ice beast (8 damage)
             ... on level 3 of the Dungeon.
             The game lasted 00:05:38 (2575 turns).

nothank2 the Digger (Gargoyle Earth Elementalist)   Turns: 2575, Time: 00:05:39

Health: -1/24      AC:  6    Str: 11    XL:     4   Next: 27%
Magic:  4/8        EV: 12    Int: 17    God:
Gold:   124        SH:  0    Dex: 10    Spells: 5/9 levels left

rFire    . . .     SeeInvis .   i - +0 whip
rCold    . . .     Faith    .   (no shield)
rNeg     + . .     Spirit   .   c - +0 robe
rPois    ∞         Reflect  .   (no helmet)
rElec    +         Harm     .   f - +0 cloak
rCorr    .         Rampage  .   (no gloves)
Will     .....                  (no boots)
Stlth    ++........             (no amulet)
HPRegen  0.08/turn              (no ring)
MPRegen  0.11/turn              (no ring)

@: no status effects
A: negative energy resistance 1, electricity resistance, unbreathing,
petrification resistance, miasma immunity, AC +3
a: no special abilities


You were on level 3 of the Dungeon.
You visited 1 branch of the dungeon, and saw 3 of its levels.

You collected 124 gold pieces.

Inventory:

Hand Weapons
 d - a +0 short sword
 i - a +0 whip (weapon)
Missiles
 a - 21 poisoned darts
 b - 40 stones
Armour
 c - a +0 robe (worn)
 f - a +0 cloak (worn)
Jewellery
 k - an uncursed ring of fire {unknown}
Scrolls
 e - a scroll of remove curse {unknown}
 m - 4 scrolls of identify {unknown}
Potions
 g - a potion of mutation {unknown}
 h - a potion of resistance {unknown}
 j - a potion of cancellation {unknown}
 l - a potion of curing {unknown}


   Skills:
 - Level 1.5 Dodging
 - Level 2.1 Stealth
 + Level 3.0 Spellcasting
 + Level 1.1 Conjurations
 - Level 1.0 Transmutations
 + Level 4.7 Earth Magic


You had 5 spell levels left.
You knew the following spells:

 Your Spells              Type           Power        Failure   Level
a - Sandblast             Erth           36%          2%          1
b - Stone Arrow           Conj/Erth      24%          16%         3

Your spell library contained the following spells:

 Spells                   Type           Power        Failure   Level
 Passwall                 Tmut/Erth      10%          9%          2
 Petrify                  Tmut/Erth      12%          47%         4
 Lee's Rapid Deconstruct  Erth           9%           56%         5


Dungeon Overview and Level Annotations

Branches:
Dungeon (3/15)

Altars:
Ru


Innate Abilities, Weirdness & Mutations

You are resistant to torment.
Your stone body is resilient. (AC +3)
You are immune to poison.
You resist negative energy. (rN+)
You are resistant to electric shocks. (rElec)
You can survive without breathing.
You are immune to petrification.
You are immune to miasma.


Message History

Found a stone staircase leading up.
You closely miss the kobold. The kobold barely misses you.
The blast of sand misses the ice beast.
The ice beast barely misses you.
The blast of sand hits the ice beast.
The ice beast is lightly wounded.
The ice beast hits you but does no damage.
The blast of sand hits the ice beast.
The ice beast is lightly wounded.
The ice beast hits you. The ice beast freezes you!
Ouch! That really hurt!
You are too injured to fight recklessly!
Aiming: Sandblast (safe; 2% risk of failure)
Press: ? - help, Q - select action, (/) - cycle Shift-Dir - straight line, f/p - ice beast
Aim: an ice beast (lightly wounded, 21% to evade)
The blast of sand hits the ice beast but does no damage.
The ice beast is lightly wounded.
The ice beast hits you.
* * * LOW HITPOINT WARNING * * *
The ice beast freezes you!
You die...

#. #### #. ....
#.###.<# ..... #
#..##.##. #.
###........ #.
#K...#####. #. #Y#.##
#.## #@#.######.# # ..#
#.#........# # ##. #.#
#.##.######. #
##...##.######.#...####
+
...........<..........+
#
#...##.######.#...####
# # #.# #.##.##
######.# ...###
#......#####....


You could see an ice beast and a kobold.

Vanquished Creatures
  2 adders
  An ooze (D:1)
  A worm (D:2)
  A dart slug (D:2)
  A leopard gecko (D:1)
  2 giant cockroaches
  5 goblins
  10 hobgoblins
  3 jackals (D:2)
  A ball python (D:2)
  7 bats
  2 frilled lizards (D:1)
  4 kobolds
  7 rats
47 creatures vanquished.

Notes
Turn   | Place    | Note
-------+----------+-------------------------------------------
     0 | D:1      | nothank2 the Gargoyle Earth Elementalist began the quest
                  | for the Orb.
     0 | D:1      | Reached XP level 1. HP: 10/10 MP: 3/3
   221 | D:1      | Reached skill level 1 in Transmutations
   544 | D:1      | Reached XP level 2. HP: 8/15 MP: 1/5
   722 | D:1      | Reached skill level 4 in Earth Magic
  1034 | D:1      | Reached XP level 3. HP: 13/19 MP: 3/6
  1678 | D:2      | Learned a level 3 spell: Stone Arrow
  2007 | D:2      | Reached XP level 4. HP: 23/24 MP: 4/8
  2124 | D:2      | Found a sacrificial altar of Ru.
  2515 | D:3      | Reached skill level 1 in Conjurations
  2565 | D:3      | Noticed an ice beast
  2575 | D:3      | Slain by an ice beast

Illustrated notes

Levels and vault maps discovered:
D:1:      psy_arrival_whirlpool, layout_basic
D:2:      layout_loops_cross, general_overflow_altar, kennysheep_big_empty_room
D:3:      layout_loops_corners, kennysheep_okawaru_gauntlet

Skill      XL: |  1  2  3  4 |
---------------+-------------+-----
Transmutations | 1 |  1.0
Earth Magic    | 4 |  4.7
Spellcasting   | 3 |  3.0
Conjurations   | 1 |  1.1
Dodging        | |  1.5
Stealth        | |  2.1

Action                   |  1- 3 |  4- 6 || total
-------------------------+-------+-------++-------
Melee: Short sword       |    68 |       ||    68
       Whip              |    68 |    15 ||    83
Throw: Dart              |     8 |       ||     8
 Cast: Sandblast         |    18 |     8 ||    26
 Stab: Sleeping          |     5 |     1 ||     6
Armor: Robe              |    48 |     9 ||    57
Dodge: Dodged            |    92 |    13 ||   105
